Map: Lerilak Crest

Players

Skimpy - Winner!

  • Race: Zerg Zerg
  • League: Diamond

Nuckzer

  • Race: Zerg Zerg
  • League: Diamond

VOD

Have the link to the VOD?

Description

Time

  • Played on: March 19, 2016, 6:57 p.m.
  • Length: 12:12
Show
View Real Time Build Order
Export as new Build Order

Skimpy Zerg - Winner!

Build Orders: Hatch First 

Get SALT Encoding   

  12  0:00  Drone  
  13  0:12  Overlord  
  13  0:18  Drone  
  14  0:30  Drone x2  
  14  0:34  Drone  
  17  0:52  Hatchery  
  17  0:55  Drone  
  17  0:59  Drone  
  17  1:01  Extractor  
  17  1:15  Spawning Pool  
  16  1:19  Drone  
  16  1:23  Drone  
  18  1:28  Drone  
  19  1:40  Overlord  
  19  1:53  Drone  
  20  2:01  Queen  
  20  2:02  Metabolic Boost  
  20  2:03  Drone  
  20  2:07  Queen  
  25  2:11  Zergling x2  
  25  2:14  Drone  
  27  2:17  Drone  
  28  2:24  Spine Crawler  
  28  2:26  Drone  
  28  2:30  Drone  
  28  2:36  Baneling Nest  
  28  2:39  Drone  
  28  2:41  Drone  
  30  2:47  Overlord  
  30  2:50  Zergling x2  
  30  2:54  Drone  
  30  2:58  Drone  
  32  3:04  Drone  
  33  3:13  Drone x4  
  33  3:15  Overlord  
  33  3:17  Drone  
  38  3:22  Lair  
  38  3:26  Drone x2  
  40  3:31  Zergling x2  
  40  3:32  Zergling x2  
  38  3:39  Zergling x2  
  37  3:42  Zergling x2  
  37  3:47  Extractor  
  37  3:48  Extractor  
  37  3:52  Baneling  
  37  3:53  Baneling x2  
  36  3:58  Zergling x14  
  43  4:05  Drone  
  44  4:15  Extractor  
  43  4:20  Drone x5  
  43  4:24  Drone  
  49  4:34  Spire, Drone x3  
  51  4:39  Drone  
  51  4:42  Overlord  
  50  5:00  Drone  
  50  5:01  Drone  
  50  5:03  Drone  
  50  5:04  Drone  
  54  5:10  Overlord  
  54  5:13  Hatchery, Overlord  
  53  5:26  Drone x2  
  53  5:27  Drone  
  53  5:28  Drone  
  57  5:47  Mutalisk  
  57  5:48  Mutalisk x4  
  57  5:49  Spine Crawler  
  66  5:50  Mutalisk  
  66  5:53  Mutalisk  
  60  6:19  Mutalisk x4  
  60  6:24  Mutalisk  
  55  6:29  Drone x4  
  50  6:41  Drone x2  
  50  6:42  Drone x3  
  50  6:47  Drone  
  49  6:53  Drone  
  47  6:55  Drone  
  47  6:57  Drone  
  48  7:03  Drone  
  48  7:07  Drone  
  50  7:09  Drone  
  50  7:11  Queen  
  50  7:12  Queen  
  55  7:16  Drone  
  55  7:18  Zergling x2  
  57  7:23  Drone  
  57  7:29  Drone x2  
  60  7:31  Drone  
  61  7:38  Drone x2  
  61  7:40  Drone  
  62  7:51  Drone x3  
  65  8:01  Overlord  
  65  8:06  Extractor, Roach Warren, Drone x2  
  65  8:09  Mutalisk x2  
  69  8:22  Drone  
  69  8:23  Drone x4  
  69  8:24  Drone x3  
  69  8:25  Drone x2  
  79  8:48  Roach x5  
  89  8:49  Glial Reconstitution  
  89  8:50  Overlord  
  89  8:56  Overlord x2  
  89  9:08  Overseer  
  89  9:12  Roach x4  
  89  9:16  Ravager x2  
  101  9:17  Ravager x2  
  101  9:19  Overlord x2  
  101  9:23  Extractor  
  100  9:28  Roach x3  
  106  9:32  Overlord x2  
  106  9:39  Drone x3  
  106  9:43  Roach  
  106  9:45  Overlord  
  111  9:52  Ravager x5  
  116  9:58  Roach x3  
  122  10:20  Roach x2  
  122  10:21  Roach x7  
  140  10:35  Overlord x3  
  140  10:42  Evolution Chamber  
  139  10:43  Evolution Chamber  
  138  10:55  Hatchery  
  138  10:56  Roach x11  
  144  11:22  Roach  
  144  11:23  Roach x6  
  142  11:33  Queen  
  142  11:38  Roach  
  142  11:39  Roach x4  
Show
View Real Time Build Order
Export as new Build Order

Nuckzer Zerg 

Build Orders: Pool First 

Get SALT Encoding   

  12  0:01  Drone  
  13  0:11  Drone  
  14  0:17  Overlord  
  14  0:29  Extractor, Drone  
  15  0:36  Drone x2  
  17  0:44  Extractor, Drone  
  17  0:53  Spawning Pool  
  17  0:55  Drone  
  17  1:20  Hatchery  
  17  1:25  Drone  
  17  1:26  Drone  
  18  1:33  Overlord  
  18  1:46  Queen  
  20  1:51  Metabolic Boost  
  20  2:08  Zergling x6  
  23  2:13  Baneling Nest  
  22  2:22  Drone  
  23  2:30  Overlord  
  23  2:38  Zergling x2  
  24  2:50  Zergling x4  
  25  2:53  Zergling x2  
  25  2:56  Queen  
  28  3:06  Baneling x2  
  28  3:09  Baneling  
  28  3:10  Baneling  
  28  3:11  Zergling x10  
  33  3:17  Zergling x2  
  34  3:24  Zergling x2  
  31  3:46  Baneling  
  31  3:48  Drone x5  
  33  3:55  Roach Warren  
  34  3:59  Drone x2  
  34  4:00  Drone  
  37  4:05  Extractor  
  36  4:16  Drone x3  
  39  4:25  Drone x3  
  39  4:27  Drone x2  
  44  4:34  Overlord x2  
  44  4:51  Baneling x2  
  44  4:59  Roach x8  
  60  5:02  Overlord  
  60  5:11  Overlord  
  60  5:13  Overlord  
  60  5:26  Ravager x2  
  62  5:30  Zergling x14  
  69  5:41  Zergling x4  
  71  5:48  Zergling x10  
  71  5:49  Zergling x2  
  77  5:52  Ravager  
  77  6:12  Zergling x2  
  77  6:13  Zergling x8  
  67  6:25  Queen  
  67  6:26  Queen  
  45  6:56  Spore Crawler  
  45  6:58  Spore Crawler x2  
  38  7:01  Queen  
  38  7:02  Queen  
  41  7:14  Roach  
  41  7:15  Roach x8  
  59  7:29  Drone x4  
  64  7:30  Drone x4  
  67  7:42  Overlord x2  
  67  8:00  Lair  
  67  8:02  Queen  
  67  8:03  Extractor  
  67  8:04  Extractor  
  67  8:05  Overlord x2  
  67  8:15  Drone  
  67  8:16  Overlord  
  67  8:17  Overlord x2  
  68  8:32  Drone  
  68  8:33  Drone x3  
  72  8:35  Hatchery, Drone x2  
  72  8:41  Drone  
  74  8:49  Queen  
  76  8:59  Queen  
  76  9:00  Hydralisk Den  
  77  9:08  Roach x5  
  87  9:28  Hydralisk x8  
  87  9:30  Muscular Augments  
  103  9:40  Queen  
  103  9:43  Queen  
  107  10:04  Hatchery  
  107  10:07  Hydralisk  
  106  10:10  Overlord x3  
  104  10:23  Ravager x2  
  104  10:24  Ravager x2  
  104  10:28  Overlord x3  
  108  10:36  Queen  
  108  10:38  Queen  
  107  10:58  Spore Crawler, Drone x2  
  107  10:59  Extractor, Drone  
  84  11:23  Roach x8  
  84  11:24  Roach x4  
  64  11:43  Roach x4  
  64  11:44  Roach  
  74  11:52  Drone  
  74  11:53  Drone x3  
Tags
 
Add a new tag
Caveats
  • Supply blocks, unpowered buildings, or Contaminate may cause inaccurate times.
  • Supply counts are checked every 10 seconds.